 Dungeon Crawl Stone Soup version 0.17-a0-1295-gefc790a (webtiles) character file.

126 MonkeyBuisness the Covered (level 5, -2/33 HPs)
             Began as a Gargoyle Fighter on June 7, 2015.
             Slain by an iron imp (3 damage)
             ... summoned by Natasha
             ... on level 3 of the Dungeon.
             The game lasted 00:07:01 (1990 turns).

MonkeyBuisness the Covered (Gargoyle Fighter)       Turns: 1990, Time: 00:07:01

Health: -2/33      AC: 12    Str: 21    XL:     5   Next: 9%
Magic:  5/5        EV:  4    Int:  8    God:
Gold:   111        SH:  9    Dex:  9    Spells: 0 memorised, 4 levels left

rFire  . . .     SeeInvis .     a - +0 war axe
rCold  . . .     Clarity  .     b - +0 scale mail
rNeg   + . .     SustAt   .     c - +0 shield
rPois  ∞         Gourm    .     d - +0 helmet
rElec  +         Spirit   .     (no cloak)
rCorr  .         Warding  .     (no gloves)
rMut   .         Stasis   .     (no boots)
MR     .....                    (no amulet)
Stlth  ..........               (no ring)
                                m - -4 ring of evasion (curse)

@: slowed, very slow, not resistant to hostile enchantments, extremely
unstealthy
A: negative energy resistance 1, electricity resistance, unbreathing,
petrification resistance, rot immunity, AC +4
a: no special abilities


You were on level 3 of the Dungeon.
You were not hungry.

You visited 1 branch of the dungeon, and saw 3 of its levels.

You collected 111 gold pieces.

Inventory:

Hand weapons
 a - a +0 war axe (weapon)
Armour
 b - a +0 scale mail (worn)
 c - a +0 shield (worn)
 d - a +0 helmet (worn)
   (You took it off Robin on level 3 of the Dungeon)
Jewellery
 m - a cursed -4 ring of evasion (left hand)
   (You found it on level 2 of the Dungeon)
Scrolls
 n - a scroll of random uselessness
 o - a scroll of magic mapping {!r}
Potions
 f - a potion of resistance {unknown}
 h - a potion of ambrosia {unknown}
 i - a potion of lignification {unknown}
 j - 2 potions of flight {unknown}
Comestibles
 e - 2 bread rations {@e1}
 p - a slice of pizza


   Skills:
 + Level 4.0 Fighting
 + Level 2.9 Axes
 + Level 4.2 Armour
 + Level 1.6 Dodging
 - Level 3.2 Shields


You had 4 spell levels left.
You didn't know any spells.

Dungeon Overview and Level Annotations

Branches:
Dungeon (3/15)

Altars:
Elyvilon

Annotations:
D:3 Natasha


Innate Abilities, Weirdness & Mutations

You are resistant to torment.
Your stone body is resilient (AC +4).
You are immune to poison.
You resist negative energy.
You are resistant to electric shocks.
You can survive without breathing.
You are immune to petrification.
You are immune to rotting.


Message History

A kobold is nearby!
A kobold is nearby!
A kobold is nearby!
The kobold throws a stone.
You block the stone.
You see here a stone.
The kobold throws a stone.
The stone hits you but does no damage.
The kobold throws a stone.
The stone hits you but does no damage.
You see here a stone.
The kobold hits you but does no damage.
You hit the kobold but do no damage. The kobold hits you but does no damage.
You closely miss the kobold. The kobold hits you but does no damage.
The kobold hits you but does no damage.
You closely miss the kobold. The kobold hits you but does no damage.
Natasha, Servant of Life and Death comes into view.
You barely miss the kobold.
Natasha hisses angrily.
The kobold hits you. The kobold barely misses you.
You take 2 damage, and have 31/33 hp.
You hit the kobold. You block the kobold's attack.
You closely miss the kobold. The kobold hits you but does no damage.
Natasha gestures.
You have a terrible headache.
The kobold completely misses you.
You hit the kobold but do no damage. You slash Natasha!
Natasha stares at you and mumbles some strange words.
You feel yourself slow down. You block the kobold's attack.
You closely miss Natasha. You hit the kobold but do no damage.
Natasha claws you but does no damage. The kobold hits you but does no damage.
You block Natasha's attack. The kobold hits you but does no damage.
Natasha casts a spell.
You barely miss Natasha. You hit the kobold.
You kill the kobold!
You block Natasha's attack.
The crimson imp blinks!
Natasha claws you but does no damage.
You completely miss Natasha. Natasha claws you but does no damage.
Natasha claws you but does no damage.
You hit Natasha. Natasha claws you.
Natasha drinks a potion.
Natasha is healed!
Natasha claws you.
You take 2 damage, and have 30/33 hp.
Your shield and scale mail prevent you from hitting Natasha.
You block Natasha's attack. x2
You slash Natasha! You miss the crimson imp.
The crimson imp hits you but does no damage.
Natasha casts a spell at you.
You feel as though you will be slow longer.
The crimson imp hits you but does no damage.
Natasha claws you but does no damage. The crimson imp hits you.
You take 2 damage, and have 28/33 hp.
You barely miss Natasha.
Your shield prevents you from hitting the crimson imp.
Natasha stares at you and mumbles some strange words.
You resist with some effort.
The crimson imp blinks!
You block Natasha's attack.
You completely miss Natasha.
Natasha mumbles some strange words.
Natasha casts a spell at you. You resist with some effort.
You closely miss Natasha. You block Natasha's attack.
The crimson imp hits you but does no damage.
Natasha casts a spell.
The crimson imp hits you.
You take 1 damage, and have 28/33 hp.
You slash Natasha! You closely miss the crimson imp.
You closely miss the crimson imp.
The crimson imp disappears in a puff of smoke!
Natasha casts a spell at you. You resist with some effort.
The crimson imp barely misses you.
Natasha mumbles some strange words.
The crimson imp barely misses you.
You miss Natasha. You hit the iron imp. You completely miss the crimson imp.
Natasha claws you but does no damage.
The crimson imp blinks!
Natasha casts a spell at you. The magic dart hits you!
The iron imp barely misses you. The shadow imp hits you.
You take 2 damage, and have 26/33 hp.
You barely miss Natasha. You closely miss the iron imp.
You barely miss the shadow imp. Natasha claws you but does no damage.
The shadow imp hits you but does no damage.
The iron imp picks up a beetle and eats it.
The iron imp hits you but does no damage.
Natasha claws you but does no damage.
The shadow imp hits you but does no damage.
The iron imp barely misses you. You block Natasha's attack.
You closely miss Natasha. You hit the shadow imp. You slash the iron imp!
The iron imp hits you. Natasha claws you. You block the iron imp's attack.
Natasha claws you.
You take 10 damage, and have 16/33 hp.
MASSIVE DAMAGE!!
You closely miss Natasha. You closely miss the crimson imp.
You barely miss the shadow imp.
Your shield prevents you from hitting the iron imp.
The shadow imp gestures at you. Pain shoots through your body!
* * * LOW HITPOINT WARNING * * *
The crimson imp hits you but does no damage.
Natasha claws you.
* * * LOW HITPOINT WARNING * * *
The iron imp hits you.
You die...

..# *,,,,',,,,* ..#
*,,,*#....* ..#
*,,,*#....* ###
*,,,*#....* *,,,*#....*
*,,,*#....#####
*,,,*#........#
*,,,*#...h55..#
*,,,****#.@...# # *,,,*
#..5..# # ***** #.(...#
# #..>..#### #
#.(......# # #..(.....#
#..).....# #####....#
###################....#


You could see an iron imp, Natasha, a crimson imp and a shadow imp.

Vanquished Creatures
  Robin (D:3)
  A gnoll (D:1)
  4 adders
  An ooze (D:3)
  2 worms (D:2)
  A giant gecko (D:1)
  6 bats
  A giant cockroach (D:1)
  7 hobgoblins
  4 jackals (D:2)
  6 kobolds
  2 quokkas (D:2)
  A giant newt (D:2)
  15 goblins
  6 rats
58 creatures vanquished.

Notes
Turn   | Place    | Note
--------------------------------------------------------------
     0 | D:1      | MonkeyBuisness the Gargoyle Fighter began the quest for the Orb.
     0 | D:1      | Reached XP level 1. HP: 14/14 MP: 1/1
    99 | D:1      | Reached skill level 2 in Axes
   149 | D:1      | Reached XP level 2. HP: 19/19 MP: 2/2
   619 | D:1      | HP: 3/19 [gnoll (3)]
   623 | D:1      | Reached XP level 3. HP: 4/23 MP: 3/3
   624 | D:1      | HP: 3/23 [bat (1)]
  1098 | D:2      | Found a white marble altar of Elyvilon.
  1148 | D:2      | Reached skill level 1 in Dodging
  1189 | D:2      | Reached skill level 4 in Armour
  1309 | D:2      | Reached XP level 4. HP: 20/29 MP: 4/4
  1730 | D:3      | MonkeyBuisness: YO YO YO
  1730 | D:3      | MonkeyBuisness: smb watching me
  1730 | D:3      | MonkeyBuisness: omg
  1730 | D:3      | MonkeyBuisness: this was like a week ago
  1730 | D:3      | MonkeyBuisness: oh my gosh
  1730 | D:3      | MonkeyBuisness: unbelivible
  1880 | D:3      | Noticed Robin
  1895 | D:3      | Killed Robin
  1895 | D:3      | Reached skill level 4 in Fighting
  1895 | D:3      | Reached XP level 5. HP: 30/33 MP: 5/5
  1973 | D:3      | Noticed Natasha
  1990 | D:3      | HP: 6/33 [shadow imp/nerve-wracking pain[Natasha] (10)]
  1990 | D:3      | HP: 1/33 [Natasha (5)]
  1990 | D:3      | Slain by an iron imp

Vault maps used:
D:1:      lightli_arrival_farm
D:2:      elyvilon_altar_4
D:3:      first_bread, item_on_display_a, uniq_robin, uniq_natasha, uniq_grinder

Action                   |  1- 3 |  4- 6 || total
-------------------------+-------+-------++-------
Melee: War axe           |   147 |    78 ||   225
  Use: Potion            |     1 |     1 ||     2
       Scroll            |       |     2 ||     2
  Eat: Bread ration      |     1 |       ||     1

Vault maps used:
D:1:      lightli_arrival_farm
D:2:      elyvilon_altar_4
D:3:      first_bread, item_on_display_a, uniq_robin, uniq_natasha, uniq_grinder

Table legend:
 A = Turns spent in this place as a percentage of turns spent in the entire game.
 B = Non-inter-level travel turns spent in this place as a percentage of non-inter-level travel turns spent in the entire game.
 C = Inter-level travel turns spent in this place as a percentage of turns spent in this place.
 D = Turns resting spent in this place as a percentage of non-inter-level travel turns spent in this place.
 E = Turns spent auto-exploring this place as a percentage of non-inter-level travel turns spent in this place.
 F = Non-inter-level travel turns spent in this place divided by the number of levels of this place that you've seen.
                   A       B       C       D       E      F
               +-------+-------+-------+-------+-------+----------------------
         Total | 100.0 | 100.0 |   0.7 |   1.1 |  12.8 | 177.3
       Dungeon | 100.0 | 100.0 |   0.7 |   1.1 |  12.8 | 177.3
               +-------+-------+-------+-------+-------+----------------------

Table legend:
 A = Kills in this place as a percentage of kills in entire the game.
 B = Kills by you in this place as a percentage of kills by you in the entire game.
 C = Kills by friends in this place as a percentage of kills by friends in the entire game.
 D = Other kills in this place as a percentage of other kills in the entire game.
 E = Experience gained in this place as a percentage of experience gained in the entire game.
 F = Experience gained in this place divided by the number of levels of this place that you have seen.
                   A       B       C       D       E      F
               +-------+-------+-------+-------+-------+----------------------
         Total | 100.0 | 100.0 |  -nan |  -nan | 100.0 |  60.0
       Dungeon | 100.0 | 100.0 |  -nan |  -nan | 100.0 |  60.0
               +-------+-------+-------+-------+-------+----------------------
